 Dungeon Crawl Stone Soup version 0.30-a0-965-g42e074c17a (webtiles) character file.

Game seed: 18166034853281636826

33 jasper the Digger (level 3, -1/28 HPs)
             Began as a Draconian Earth Elementalist on Mar 30, 2023.
             Slain by an orc priest
             ... wielding a +0 club
              (4 damage)
             ... on level 2 of the Dungeon.
             The game lasted 00:01:42 (665 turns).

jasper the Digger (Draconian Earth Elementalist)     Turns: 665, Time: 00:01:42

Health: -1/28      AC:  5    Str: 10    XL:     3   Next: 12%
Magic:  5/6        EV: 12    Int: 17    God:
Gold:   10         SH:  0    Dex: 11    Spells: 3/6 levels left

rFire   . . .      SeeInvis .    d - staff of air
rCold   + . .      Faith    .    (no shield)
rNeg    . . .      Spirit   .    (body armour unavailable)
rPois   .          Reflect  .    (helmet restricted)
rElec   +          Rampage  .    (no cloak)
rCorr   .                        (no gloves)
Will    .....                    (no boots)
Stlth   ++                       (no amulet)
HPRegen 0.24/turn                c - ring of protection from cold
MPRegen 0.10/turn                (no ring)

@: very slightly contaminated
A: AC +5, unfitting armour, cold-blooded
a: no special abilities


You were on level 2 of the Dungeon.
You visited 1 branch of the dungeon, and saw 2 of its levels.

You collected 10 gold pieces.

Inventory:

Magical Staves
 d - a staff of air (weapon)
Jewellery
 c - a ring of protection from cold (left hand)
Scrolls
 e - 2 scrolls of identify {unknown}
Potions
 b - a potion of heal wounds {unknown}
 f - a potion of flight {unknown}
 g - a potion of curing {unknown}
 h - a potion of attraction {unknown}


   Skills:
 + Level 1.2 Fighting
 + Level 2.1 Dodging
 - Level 1.7 Stealth
 + Level 2.3 Spellcasting
 - Level 1.0 Transmutations
 * Level 3.5 Earth Magic


You had 3 spell levels left.
You knew the following spells:

 Your Spells              Type           Power      Damage    Failure   Level
a - Sandblast             Erth           28%        2d8       4%          1
b - Passwall              Tmut/Erth      7%         N/A       11%         2

Your spell library contained the following spells:

 Spells                   Type           Power      Damage    Failure   Level
 Stone Arrow              Conj/Erth      16%        3d8       26%         3
 Summon Guardian Golem    Hex/Summ       1%         N/A       50%         3
 Petrify                  Tmut/Erth      9%         N/A       58%         4
 Orb of Destruction       Conj           0%         9d5       100%        7
 Spellforged Servitor     Conj/Summ      0%         N/A       100%        7


Dungeon Overview and Level Annotations

Branches:
Dungeon (2/15)

Altars:


Innate Abilities, Weirdness & Mutations

Your plain brown scales are hard. (AC +5)
You cannot fit into any form of body armour.
You are cold-blooded and may be slowed by cold attacks.


Message History

Increase (S)trength, (I)ntelligence, or (D)exterity?
You feel clever. x2; Your scales feel tougher.
You regained 3 hp, and now have 17/28 hp.
You now have 2/6 mp.
Casting: Sandblast (safe; 4% risk of failure)
Confirm with . or Enter, or press ? or * to list all spells.
Okay, then.
Unknown command.
Okay, then.
Aiming: Sandblast (safe; 4% risk of failure)
Press: ? - help, Q - select action, (/) - cycle Shift-Dir - straight line, f - hobgoblin
Aim: a hobgoblin (82% to hit)
The blast of sand misses the hobgoblin.
The blast of sand hits the orc priest!
The orc priest is severely wounded.
You feel sick. The hobgoblin completely misses you.
You take 2 damage, and have 15/28 hp.
You now have 1/6 mp.
Aiming: Sandblast (safe; 4% risk of failure)
Press: ? - help, Q - select action, (/) - cycle Shift-Dir - straight line, f/p - hobgoblin
Aim: a hobgoblin (82% to hit)
You miscast Sandblast.
You are very lightly contaminated with residual magic.
Nothing appears to happen.
You feel sick. The hobgoblin hits you.
You take 2 damage, and have 13/28 hp.
You now have 0/6 mp.
Magic courses through your body.
You feel sick.
You are no longer poisoned.
The orc priest mumbles some strange prayers to Beogh against you.
Beogh smites you!
* * * LOW HITPOINT WARNING * * *
The hobgoblin hits you.
* * * LOW HITPOINT WARNING * * *
You take 11 damage, and have 2/28 hp.
MASSIVE DAMAGE!!
MP restored: 6
Aiming: Sandblast (safe; 4% risk of failure)
Press: ? - help, Q - select action, (/) - cycle Shift-Dir - straight line, f/p - hobgoblin
Aim: a hobgoblin (82% to hit)
The blast of sand hits the hobgoblin!
You kill the hobgoblin!
The orc priest hits you with a +0 club.
You die...

#.#
#.#
#.#
#.#
#####
#.#
....#
#.#
###.#
#.#
.#
#.#
....
#@#
..
#o#
#.#
..#
.##
.. ..
#..


You could see an orc priest.

Vanquished Creatures
  An adder (D:2)
  5 ball pythons (D:1)
  An endoplasm (D:1)
  A giant cockroach (D:1)
  5 hobgoblins
  3 kobolds (D:1)
  5 bats
  A frilled lizard (D:1)
  2 rats
24 creatures vanquished.

Notes
Turn   | Place    | Note
-------+----------+-------------------------------------------
     0 | D:1      | jasper the Draconian Earth Elementalist began the quest for
                  | the Orb.
     0 | D:1      | Reached XP level 1. HP: 14/14 MP: 3/3
   105 | D:1      | Reached XP level 2. HP: 18/22 MP: 0/5
   169 | D:1      | Learned a level 2 spell: Passwall
   449 | D:2      | Reached skill level 1 in Fighting
   594 | D:2      | Found a faded altar of an unknown god.
   662 | D:2      | Reached XP level 3. HP: 17/28 MP: 2/6
   665 | D:2      | Slain by an orc priest

Illustrated notes

Levels and vault maps discovered:
D:1:      amcnicky_arrival_flooded_fountain, layout_basic
D:2:      layout_loops_ring, dreamdust_ecumenical_altar_statues, uniq_natasha

Skill      XL: |  1  2 |
---------------+-------+-----
Dodging        | 2 |  2.1
Fighting       | 1 |  1.2
Stealth        | |  1.7
Spellcasting   | |  2.3
Transmutations | |  1.0
Earth Magic    | |  3.5

Action                     || total
---------------------------++-------
  Melee: Unarmed           ||    14
         Staff             ||     7
         Tailslap          ||     2
         Punch             ||     1
   Cast: Sandblast         ||    30
    Use: Potion            ||     1
 Armour: Skin              ||    14
  Dodge: Dodged            ||    40

Table legend: (Time is in decaauts)
 A = Elapsed time spent in this place.
 B = Non-inter-level travel time spent in this place.
 C = Inter-level travel time spent in this place.
 D = Time resting spent in this place.
 E = Time spent auto-exploring this place.
 F = Levels seen in this place.
 G = Mean time per level.
                   A        B        C        D        E       F      G
               +--------+--------+--------+--------+--------+-----+--------+
         Total |    679 |    679 |      0 |     97 |    419 |   2 |  339.5 |
       Dungeon |    679 |    679 |      0 |     97 |    419 |   2 |  339.5 |
               +--------+--------+--------+--------+--------+-----+--------+

Top non-repeatable levels by time:
     D:1: 457 daAuts
     D:2: 222 daAuts
